 Dungeon Crawl Stone Soup version 0.30-b1-2-g02819fbbbe (webtiles) character file.

Game seed: 4166874894820999650

217 graymark the Magician (level 6, -2/40 HPs)
             Began as a Djinni Fire Elementalist on May 25, 2023.
             Splashed by a jelly's acid (10 damage)
             ... on level 4 of the Dungeon.
             The game lasted 00:07:12 (3136 turns).

graymark the Magician (Djinni Fire Elementalist)    Turns: 3136, Time: 00:07:13

Health: -2/40      AC: -6    Str:  7    XL:     6   Next: 16%
Gold:   147        EV: 13    Int: 25    God:
                   SH:  0    Dex: 13

rFire   + + .        h - +1 dagger (speed)
rCold   x . .        (no shield)
rNeg    . . .        a - +0 robe
rPois   ∞            (no helmet)
rElec   .            (no cloak)
rCorr   .            (no gloves)
SInv    .            (boots unavailable)
Will    .....        (no amulet)
Stlth   ++           f - +6 ring of intelligence
HPRegen 0.26/turn    (no ring)
MPRegen 0.00/turn

%: infuse magic (-3 HP)
@: corroded, immotile, flying
A: sickness immunity, fire resistance 2, cold vulnerability 1, float, innate
caster, HP casting, extra vitality 1
a: no special abilities


You were on level 4 of the Dungeon.
You visited 1 branch of the dungeon, and saw 4 of its levels.

You collected 147 gold pieces.

Inventory:

Hand Weapons
 h - a +1 dagger of speed (weapon)
Armour
 a - a +0 robe (worn)
Jewellery
 e - a ring of ice
 f - a +6 ring of intelligence (left hand)
Scrolls
 b - a scroll of teleportation
 d - a scroll of magic mapping {unknown}
 k - a scroll of torment {unknown}
 l - 2 scrolls of enchant weapon {unknown}
 o - 3 scrolls of acquirement {unknown}
Potions
 c - 2 potions of curing {unknown}
 g - 2 potions of cancellation
 i - a potion of haste {unknown}
 j - a potion of ambrosia {unknown}
 m - a potion of brilliance {unknown}
 n - a potion of heal wounds {unknown}


   Skills:
 + Level 3.6 Dodging
 + Level 2.9 Stealth
 * Level 3.9 Spellcasting


You knew the following spells:

 Your Spells              Type           Power      Damage    Failure   Level
a - Foxfire               Conj/Fire      96%        2x1d8     1%          1
b - Scorch                Fire           48%        2d7       2%          2
c - Volatile Blastmotes   Fire/Tloc      48%        2d14      5%          3
d - Inner Flame           Hex/Fire       24%        N/A       5%          3
e - Flame Wave            Conj/Fire      24%        2d8       19%         4
f - Necrotise             Necr           96%        1d8       1%          1
g - Momentum Strike       Conj/Tloc      48%        3d9       2%          2
Your spell library was empty.

Dungeon Overview and Level Annotations

Branches:
Dungeon (4/15)
 Temple: D:4-7

Altars:
Ru
Xom

Annotations:
D:1 exclusion: downstairs
D:2 Sigmund


Innate Abilities, Weirdness & Mutations

You are immune to sickness and miasma.
You are immune to poison.
Your flesh is very heat resistant. (rF++)
You are vulnerable to cold. (rC-)
You float through the air rather than walking.
You learn spells naturally, not from books.
Your magical power is your life essence.
You have superior vitality. (+4 MHP)


Message History

You are no longer robbed of momentum.
HP restored.
You hear a distant slurping noise.
Found a stone staircase leading up.
Found a stone staircase leading down.
A jelly and a ball python come into view.
Casting: Momentum Strike (safe; 2% risk of failure)
Confirm with . or Enter, or press ? or * to list all spells.
Aiming: Momentum Strike (safe; 2% risk of failure)
Press: ? - help, Dir - move target, f - jelly
Aim: a jelly (wandering, hasn't noticed you, 100% to hit)
The concentrated momentum hits the jelly!
The jelly is heavily wounded.
The jelly quivers.
You are unable to move.
Casting: Momentum Strike (safe; 2% risk of failure)
Confirm with . or Enter, or press ? or * to list all spells.
Okay, then.
You conjure some foxfire!
The jelly hits you. The acid corrodes you!
You are splashed with acid!
The foxfire hits the jelly.
The jelly is severely wounded.
The foxfire hits the jelly.
The jelly is severely wounded.
The jelly hits you.
You are splashed with acid!
You are too injured to fight recklessly!
Casting: Foxfire (safe; 1% risk of failure)
Confirm with . or Enter, or press ? or * to list all spells.
You conjure some foxfire!
The jelly hits you. The acid corrodes you!
You are splashed with acid.
* * * LOW HITPOINT WARNING * * *
Unknown command.
The foxfire hits the jelly.
The jelly is severely wounded.
The foxfire hits the jelly.
The jelly is almost dead.
The jelly hits you.
* * * LOW HITPOINT WARNING * * *
You are splashed with acid!
You die...

.)# #.#.#....#..# ....
#..##.#.####.#..# ...##
#..##.#.####.#.### ####
#. #..##.#..........#
...###..##.#######..###
..$.>.##.# ###..### ..S.
..# #<.....#
.######J############.###
.......@...............#
.#######################


You could see a jelly and a ball python.

Vanquished Creatures
  A scorpion (D:4)
  Natasha (D:2)
  4 adders
  3 gnolls (D:4)
  A worm (D:3)
  4 orcs (D:3)
  5 ball pythons
  9 endoplasms
  2 giant cockroaches (D:2)
  4 goblins
  7 hobgoblins
  3 jackals (D:1)
  3 quokkas
  3 bats (D:1)
  2 frilled lizards
  7 kobolds
  3 rats
62 creatures vanquished.

Vanquished Creatures (collateral kills)
  A foxfire (D:3)
1 creature vanquished.

Vanquished Creatures (others)
  234 foxfires
  4 plants (D:4)
238 creatures vanquished.

Grand Total: 301 creatures vanquished

Notes
Turn   | Place    | Note
-------+----------+-------------------------------------------
     0 | D:1      | graymark the Djinni Fire Elementalist began the quest for
                  | the Orb.
     0 | D:1      | graymark set off with the following spells memorised:
                  | Foxfire, Scorch, Volatile Blastmotes, Inner Flame, Flame
                  | Wave.
     0 | D:1      | Reached XP level 1. HP: 15/15 MP: 0/0
   389 | D:1      | Reached XP level 2. HP: 12/21 MP: 0/0
   774 | D:1      | Reached XP level 3. HP: 10/25 MP: 0/0
   774 | D:1      | Learned a level 1 spell: Necrotise
  1113 | D:2      | Noticed Sigmund
  1489 | D:2      | Reached XP level 4. HP: 28/31 MP: 0/0
  1623 | D:2      | Noticed Natasha
  1627 | D:2      | Killed Natasha
  1904 | D:3      | Reached XP level 5. HP: 34/35 MP: 0/0
  1904 | D:3      | Learned a level 2 spell: Momentum Strike
  1945 | D:3      | Found a shimmering altar of Xom.
  2541 | D:3      | Found a sacrificial altar of Ru.
  3020 | D:4      | Reached XP level 6. HP: 16/40 MP: 0/0
  3136 | D:4      | Splashed by a jelly's acid

Illustrated notes

Levels and vault maps discovered:
D:1:      minmay_arrival_checkered_box, layout_basic
D:2:      layout_basic, uniq_natasha, uniq_jessica, uniq_sigmund
D:3:      layout_loops_ring, mainiacjoe_overflow_big_doors, wad_orctagon
D:4:      layout_basic, grunt_temple_overflow_bloody_war,
          mainiacjoe_overflow_paths, mainiacjoe_overflow_catch_the_wave,
          serial_forest, infiniplex_forest_zigzag_2,
          infiniplex_forest_straight_2, infiniplex_forest_lined_3_way,
          infiniplex_forest_corner_1, infiniplex_forest_clump_small,
          infiniplex_forest_lined_2

Skill      XL: |  1  2  3  4 |
---------------+-------------+-----
Stealth        | 2 |  2.9
Spellcasting   | 3 |  3.9
Dodging        | 3 |  3.6

Action                     |  1- 3 |  4- 6 || total
---------------------------+-------+-------++-------
  Melee: Unarmed           |    53 |       ||    53
         Punch             |     1 |       ||     1
         Dagger            |       |     3 ||     3
   Cast: Foxfire           |    95 |    67 ||   162
         Momentum Strike   |       |    10 ||    10
    Use: Scroll            |     2 |     1 ||     3
 Armour: Robe              |    20 |     6 ||    26
  Dodge: Dodged            |    47 |    33 ||    80
